 Dungeon Crawl Stone Soup version 0.31.0-32-g396128a36d (webtiles) character file.

Game seed: 8742563114614626849

1435 KyoPewz the Chopper (level 8, -3/70 HPs)
             Began as a Green Draconian Fighter on Apr 17, 2024.
             Slain by Maurice
             ... wielding a +0 short sword
              (4 damage)
             ... on level 6 of the Dungeon.
             The game lasted 00:14:04 (6910 turns).

KyoPewz the Chopper (Green Draconian Fighter)       Turns: 6910, Time: 00:14:05

Health: -3/70      AC:  7    Str: 22 (25) XL:     8   Next: 45%
Magic:  0/12       EV: 12    Int:  9 (10) God:
Gold:   0          SH:  4    Dex:  9 (11) Spells: 2/13 levels left

rFire   + . .        a - +0 war axe
rCold   . . .        b - +0 buckler
rNeg    . . .        (body armour unavailable)
rPois   +            (helmet restricted)
rElec   .            p - +0 cloak
rCorr   .            (no gloves)
SInv    .            (no boots)
Will    +....        (no amulet)
Stlth   +            x - +6 ring of strength
HPRegen 0.31/turn    F - ring of protection from fire
MPRegen 0.13/turn

%: no passive effects
@: enlightened, flying
A: breathe noxious fumes, AC +6, unfitting armour, poison resistance,
cold-blooded
a: Breathe Noxious Fumes


You were on level 6 of the Dungeon.
You visited 1 branch of the dungeon, and saw 7 of its levels.

Inventory:

Hand Weapons
 a - a +0 war axe (weapon)
 y - a +0 morningstar of protection
Missiles
 f - 3 javelins (quivered)
 h - a poisoned dart
 k - 39 stones
 o - 4 boomerangs
 A - 5 curare-tipped darts
 C - a throwing net
Armour
 b - a +0 buckler (worn)
 p - a +0 cloak (worn)
Jewellery
 x - a +6 ring of strength (left hand)
 F - a ring of protection from fire (right hand)
Wands
 E - a wand of mindburst (15)
Scrolls
 c - 2 scrolls of blinking {unknown}
 g - a scroll of identify {unknown}
 m - 2 scrolls of vulnerability {unknown}
 n - 4 scrolls of teleportation {unknown}
 q - a scroll of revelation {unknown}
 r - 2 scrolls of amnesia {unknown}
 s - 2 scrolls of poison {unknown}
 t - a scroll of silence {unknown}
 z - a scroll of noise {unknown}
 H - a scroll of fog {unknown}
Potions
 d - a potion of might
 e - 2 potions of enlightenment
 i - 2 potions of mutation {unknown}
 j - a potion of degeneration
 l - a potion of magic {unknown}
 u - a potion of haste {unknown}
 v - a potion of heal wounds {unknown}
 B - a potion of curing {unknown}
 D - a potion of invisibility {unknown}
 G - a potion of cancellation {unknown}


   Skills:
 - Level 6.0 Fighting
 + Level 6.5 Axes
 - Level 2.6 Dodging
 - Level 5.1 Shields
 - Level 3.0 Spellcasting
 + Level 5.1 Alchemy


You had 2 spell levels left.
You knew the following spells:

 Your Spells              Type           Power      Damage    Failure   Level
a - Sting                 Conj/Alch      20%        1d4       13%         1
b - Mercury Vapours       Alch/Air       10%        N/A       19%         2
c - Olgreb's Toxic Radia  Alch           10%        N/A       41%         4
d - Leda's Liquefaction   Alch/Erth      2%         N/A       77%         4

Your spell library contained the following spells:

 Spells                   Type           Power      Damage    Failure   Level
 Lee's Rapid Deconstruct  Erth           0%         3d4*      100%        5
 Bombard                  Conj/Erth      0%         9d1       100%        6
 Haunt                    Necr/Summ      0%         N/A       100%        7
 Borgnjor's Revivificati  Necr           0%         N/A       100%        8
 Death's Door             Necr           0%         N/A       100%        9


Dungeon Overview and Level Annotations

Branches:
Dungeon (7/15)
 Temple: D:4-7

Altars:
Dithmenos
Okawaru

Shops:
D:5 =

Annotations:
D:6 Maurice


Innate Abilities, Weirdness & Mutations

You can breathe blasts of noxious fumes.
Your lurid green scales are hard. (AC +6)
You cannot fit into any form of body armour.
Your system is resistant to poisons. (rPois)
You are cold-blooded and may be slowed by cold attacks.


Message History

Something bites you.
You feel your power leaking away. Something drains your magic.
You take 15 damage, and have 33/70 hp.
MASSIVE DAMAGE!!
You now have 0/12 mp.
You barely miss something.
Your tail-slap misses something.
Something hits you.
Something steals 211 gold pieces!
You now have 232 gold pieces.
Something bites you! Something drains your magic.
You take 10 damage, and have 23/70 hp.
You closely miss something. Something hits you!
* * * LOW HITPOINT WARNING * * *
Something steals 232 gold pieces!
You now have 0 gold pieces.
Something bites you.
* * * LOW HITPOINT WARNING * * *
You feel your power leaking away. Something drains your magic.
You take 8 damage, and have 15/70 hp.
You now have 0/12 mp.
You closely miss something.
Your tail-slap misses something.
Something hits you.
* * * LOW HITPOINT WARNING * * *
Something groans, "What are you, a monk?"
Something bites you.
* * * LOW HITPOINT WARNING * * *
Something drains your magic.
You take 9 damage, and have 6/70 hp.
It was a potion of enlightenment.
You feel very buoyant.
You fly up into the air.
You hear a zap.
A puff of flame appears from out of thin air!
The puff of flame hits you. You resist.
* * * LOW HITPOINT WARNING * * *
You take 3 damage, and have 3/70 hp.
It was a potion of degeneration.
There was something very wrong with that liquid.
You feel weakened.
You feel dopey.
You feel clumsy. Something hits you.
* * * LOW HITPOINT WARNING * * *
Something groans, "What are you, a monk?"
Something bites you.
You die...

#.# #.###########
#.##########.##........#
#.........##.##.######.#
#..######.#...#.# #.#
#..# #...†...######.#
##..# #.#...#.##......
#...######.##.##........#
##.....{.)..........#####
##....)@..##########
##########


There were no monsters in sight!

Vanquished Creatures
  Prince Ribbit (D:6)
  A centaur (D:6)
  An ogre (D:4)
  Blork the orc (D:4)
  A bullfrog (D:6)
  A scorpion (D:5)
  A howler monkey (D:4)
  2 orc priests (D:6)
  5 hounds
  2 jellies
  3 iguanas
  A sleepcap (D:6)
  19 gnolls
  11 adders
  A white imp (D:6)
  An ufetubus (D:6)
  5 dart slugs
  19 orcs
  4 endoplasms
  5 giant cockroaches
  34 goblins
  31 hobgoblins
  4 jackals (D:5)
  2 quokkas (D:1)
  6 ball pythons
  5 bats
  4 frilled lizards
  11 kobolds
  2 rats
184 creatures vanquished.

Notes
Turn   | Place    | Note
-------+----------+-------------------------------------------
     0 | D:1      | KyoPewz the Draconian Fighter began the quest for the Orb.
     0 | D:1      | Reached XP level 1. HP: 19/19 MP: 1/1
   234 | D:1      | Reached XP level 2. HP: 22/26 MP: 2/2
   960 | D:2      | Reached XP level 3. HP: 33/33 MP: 3/3
  1809 | D:3      | Reached XP level 4. HP: 30/40 MP: 4/4
  2083 | D:3      | Found an iron altar of Okawaru.
  2595 | D:4      | Reached XP level 5. HP: 43/47 MP: 5/5
  2661 | D:4      | Noticed Blork the orc
  2669 | D:4      | Killed Blork the orc
  2670 | D:4      | Reached skill level 5 in Fighting
  2756 | D:4      | Reached XP level 6. HP: 44/56 MP: 6/6
  3592 | D:5      | Entered Level 5 of the Dungeon
  3641 | D:5      | Reached skill level 5 in Shields
  3892 | D:5      | Your scales start taking on a lurid green colour.
  3892 | D:5      | Reached XP level 7. HP: 62/62 MP: 7/7
  3892 | D:5      | Gained mutation: Your system is resistant to poisons.
                  | (rPois) [Green Draconian growth]
  3917 | D:5      | Learned a level 1 spell: Sting
  3920 | D:5      | Learned a level 2 spell: Mercury Vapours
  4080 | D:5      | Found Toali's One-of-a-Kind Rings.
  4323 | D:5      | Reached skill level 1 in Alchemy
  4527 | D:5      | Reached skill level 1 in Spellcasting
  4593 | D:5      | Reached skill level 5 in Axes
  5656 | D:6      | Reached XP level 8. HP: 33/70 MP: 11/11
  6372 | D:6      | Found a shadowy altar of Dithmenos.
  6665 | D:7      | Noticed Prince Ribbit
  6678 | D:7      | Noticed Maurice
  6709 | D:6      | Killed Prince Ribbit
  6710 | D:6      | Reached skill level 5 in Alchemy
  6890 | D:6      | Learned a level 4 spell: Olgreb's Toxic Radiance
  6895 | D:6      | Learned a level 4 spell: Leda's Liquefaction
  6900 | D:6      | Maurice stole a ring of positive energy
  6901 | D:6      | Maurice stole 10 poisoned darts
  6905 | D:6      | Something stole a staff of conjuration
  6906 | D:6      | Something stole 211 gold
  6907 | D:6      | Something stole 232 gold
  6909 | D:6      | HP: 3/70 [something/puff of flame (3)]
  6910 | D:6      | HP: 1/70 [something (3)]
  6910 | D:6      | Slain by Maurice

Illustrated notes

Levels and vault maps discovered:
D:1:      hellmonk_arrival_library, layout_loops_ring, kennysheep_minor_cross,
          dk_noncrumbling_4
D:2:      layout_basic, minmay_misc_feat_tiny
D:3:      kennysheep_six_static_rooms, layout_basic,
          mainiacjoe_overflow_24_doors
D:4:      layout_cave_pods, uniq_blork_the_orc
D:5:      minmay_goblin_kobold_castle, layout_cave_pools, serial_glass,
          glass_columns_c, glass_columns_a, feat_on_display,
          due_unseen_surprise, feat_on_display, nicolae_shop_unique_rings
D:6:      layout_loops_corners, nicolae_dithmenos_through_a_glass_darkly,
          nrook_uturn, chequers_serial_rivers_room_a, grunt_tough_drop
D:7:      layout_loops_ring, temple_statues, uniq_crazy_yiuf_cottage,
          uniq_pikel, uniq_jeremiah, uniq_prince_ribbit1, uniq_maurice

Skill      XL: |  1  2  3  4  5  6  7  8 |
---------------+-------------------------+-----
Fighting       | 4 5 6 |  6.0
Axes           | 3 4 5 6 |  6.5
Shields        | 4 5 |  5.1
Alchemy        | 3 5 |  5.1
Spellcasting   | 2 3 |  3.0
Dodging        | |  2.6

Action                     |  1- 3 |  4- 6 |  7- 9 || total
---------------------------+-------+-------+-------++-------
  Melee: War axe           |   113 |   135 |   268 ||   516
         Tailslap          |    11 |    15 |    26 ||    52
   Cast: Sting             |       |       |     1 ||     1
    Use: Potion            |       |       |     2 ||     2
 Armour: Skin              |    59 |    82 |   208 ||   349
  Dodge: Dodged            |    78 |    69 |   184 ||   331
  Block: Buckler           |    25 |    41 |    85 ||   151
